 Dungeon Crawl Stone Soup version 0.29-a0-817-g9904bce7a6 (webtiles) character file.

Game seed: 1674975048744719508

212 LynnLen the Covert (level 5, -8/28 HPs)
             Began as a Vampire Enchanter on July 5, 2022.
             Mangled by an orc
             ... wielding a +1 hand axe of electrocution
              (20 damage)
             ... on level 3 of the Dungeon.
             The game lasted 00:09:51 (2590 turns).

LynnLen the Covert (Vampire Enchanter)              Turns: 2590, Time: 00:09:52

Health: -8/28      AC:  4    Str:  7    XL:     5   Next: 58%
Magic:  8/8        EV: 12    Int: 17    God:
Gold:   70         SH:  0    Dex: 17    Spells: 2/8 levels left

rFire   + . .      SeeInvis +   a - +1 dagger
rCold   + + .      Faith    .   (no shield)
rNeg    + + +      Spirit   .   e - +1 leather armour {rF+}
rPois   ∞          Reflect  .   (no helmet)
rElec   .          Harm     .   (no cloak)
rCorr   .          Rampage  .   (no gloves)
Will    .....                   (no boots)
Stlth   ++++++....              (no amulet)
HPRegen 0.00/turn               (no ring)
MPRegen 0.11/turn               (no ring)

@: bloodless, inhibited regen
A: bloodless, fangs 3, see invisible, vampiric 2
a: Bat Form, Revivify


You were on level 3 of the Dungeon.
You visited 1 branch of the dungeon, and saw 3 of its levels.

You collected 70 gold pieces.

Inventory:

Hand Weapons
 a - a +1 dagger (weapon)
Armour
 b - a +0 robe
 e - a +1 leather armour of fire resistance (worn)
Scrolls
 d - 2 scrolls of enchant armour
 f - 2 scrolls of teleportation
 g - a scroll of fog
 h - a scroll of enchant weapon
 k - a scroll of immolation {unknown}
Potions
 c - 2 potions of invisibility
 j - a potion of brilliance
 l - 2 potions of attraction
 m - a potion of lignification


   Skills:
 + Level 2.0 Short Blades
 * Level 3.2 Dodging
 * Level 8.2 Stealth
 + Level 2.1 Spellcasting
 + Level 5.1 Hexes


You had 2 spell levels left.
You knew the following spells:

 Your Spells              Type           Power      Damage    Failure   Level
a - Confusing Touch       Hex            19%        N/A       11%         3
b - Tukima's Dance        Hex            19%        N/A       11%         3

Your spell library contained the following spells:

 Spells                   Type           Power      Damage    Failure   Level
 Ensorcelled Hibernation  Hex/Ice        20%        N/A       16%         2
 Dazzling Flash           Conj/Hex       20%        N/A       30%         3


Dungeon Overview and Level Annotations

Branches:
Dungeon (3/15)

Altars:


Innate Abilities, Weirdness & Mutations

You do not regenerate when monsters are visible.
You are frail without blood (-20% HP).
You can heal yourself when you bite living creatures.
You are immune to poison.
You have razor-sharp teeth.
You have supernaturally acute eyesight. (SInv)
You are afflicted with vampirism and can become a bat while bloodless.


Message History

As you read the scroll of identify, it crumbles to dust.
m - a potion of lignification An orc wizard comes into view.
It is wielding a +0 dagger.
An orc comes into view. It is wielding a +0 hand axe.
A ball python comes into view.
An orc comes into view.
It is wielding a +1 hand axe of electrocution.
Press: ? - help, v - describe, . - travel
Here: an orc, wielding a +1 hand axe of electrocution (asleep)
The floor.
The helpless orc wizard fails to defend itself.
You bite the orc wizard, and draw its blood!
You skewer the orc wizard like a kebab!!!
You kill the orc wizard!
Your Short Blades skill increases to level 2!
Your Stealth skill increases to level 8!
Unknown command.
The helpless orc fails to defend itself.
You bite the orc, and draw its blood! You impale the orc!!
You kill the orc!
The helpless orc fails to defend itself.
You bite the orc, and draw its blood! You stick the orc like a pincushion!!!
You kill the orc!
Unknown command.
Things that are here:
a +0 hand axe; an orc corpse The helpless ball python fails to defend itself.
You bite the ball python, and draw its blood!
You spit the ball python like a pig!!!
You kill the ball python!
Found an escape hatch in the ceiling.
The orc shouts!
The orc hits you with a +1 hand axe of electrocution.
You are electrocuted!
You barely miss the orc. The orc misses you.
You hit the orc.
The orc is severely wounded.
The orc hits you with a +1 hand axe of electrocution.
You are electrocuted!!
Ouch! That really hurt!
You die...

######.....#
.<..##.....# #########
....##.....# #.......#
.>..##.....#
#.......#####
....##.....#
#.).).......##
....##(....#
#.......###..######
....##.....######.)####
##..##...
..))##............##
##......
....##.....#####@.#
####... ###..###.###
#o...# ###... ##.###.#
#.##.... ...... #.....#
#. .###<. ###...
####..# #. .# #...
##.## #. .. ...... #..#
#. ## .###.. . #..#
##.#... #.# ..#
#..####..#.. #..


You could see an orc.

Vanquished Creatures
  A centaur (D:3)
  An orc wizard (D:3)
  5 adders
  An ufetubus (D:3)
  2 worms
  2 dart slugs (D:2)
  2 orcs (D:3)
  6 endoplasms
  6 goblins
  4 hobgoblins
  3 jackals (D:1)
  5 kobolds
  2 quokkas (D:1)
  4 ball pythons
  7 bats
  A rat (D:2)
52 creatures vanquished.

Notes
Turn   | Place    | Note
-------+----------+-------------------------------------------
     0 | D:1      | LynnLen the Vampire Enchanter began the quest for the Orb.
     0 | D:1      | Reached XP level 1. HP: 13/13 MP: 3/3
   196 | D:1      | Reached skill level 5 in Stealth
   233 | D:1      | Reached XP level 2. HP: 19/19 MP: 5/5
   316 | D:1      | Found a faded altar of an unknown god.
  1042 | D:2      | Gained mutation: You are afflicted with vampirism and can
                  | become a bat while bloodless. [Vampire growth]
  1042 | D:2      | Reached XP level 3. HP: 11/19 MP: 6/6
  1178 | D:2      | Learned a level 3 spell: Confusing Touch
  1182 | D:2      | Learned a level 3 spell: Tukima's Dance
  1379 | D:2      | Reached skill level 6 in Stealth
  1623 | D:3      | Noticed a centaur
  1996 | D:3      | Reached XP level 4. HP: 24/24 MP: 7/7
  2221 | D:3      | Killed a centaur
  2222 | D:3      | Reached skill level 7 in Stealth
  2222 | D:3      | Reached skill level 5 in Hexes
  2222 | D:3      | Reached XP level 5. HP: 20/28 MP: 2/8
  2579 | D:3      | Reached skill level 8 in Stealth
  2590 | D:3      | Mangled by an orc

Illustrated notes

Levels and vault maps discovered:
D:1:      minmay_arrival_plants_in_alcoves, layout_basic, basic_ecumenical_altar
D:2:      layout_rooms, chequers_serial_rivers_micro_c
D:3:      layout_rooms

Skill      XL: |  1  2  3  4  5 |
---------------+----------------+-----
Stealth        | 5 6 7 8 |  8.2
Dodging        | 3 |  3.2
Hexes          | 5 |  5.1
Short Blades   | 2 |  2.0
Spellcasting   | |  2.1

Action                   |  1- 3 |  4- 6 || total
-------------------------+-------+-------++-------
Melee: Dagger            |   113 |    51 ||   164
       Bite              |    12 |     2 ||    14
       Punch             |       |     1 ||     1
 Cast: Confusing Touch   |     1 |     2 ||     3
       Tukima's Dance    |       |     1 ||     1
 Abil: Exsanguinate      |     1 |       ||     1
  Use: Scroll            |     5 |     2 ||     7
 Stab: Sleeping          |    16 |    12 ||    28
       Confused          |       |     1 ||     1
       Distracted        |       |     1 ||     1
Armor: Robe              |     5 |       ||     5
       Leather armour    |    28 |    17 ||    45
Dodge: Dodged            |    76 |    31 ||   107

Table legend: (Time is in decaauts)
 A = Elapsed time spent in this place.
 B = Non-inter-level travel time spent in this place.
 C = Inter-level travel time spent in this place.
 D = Time resting spent in this place.
 E = Time spent auto-exploring this place.
 F = Levels seen in this place.
 G = Mean time per level.
                   A        B        C        D        E       F      G
               +--------+--------+--------+--------+--------+-----+--------+
         Total |   2578 |   2578 |      0 |    783 |    845 |   3 |  859.3 |
       Dungeon |   2578 |   2578 |      0 |    783 |    845 |   3 |  859.3 |
               +--------+--------+--------+--------+--------+-----+--------+

Top non-repeatable levels by time:
     D:1: 987 daAuts
     D:2: 985 daAuts
     D:3: 605 daAuts
